 Dungeon Crawl Stone Soup version 0.32-a0-928-g1cae6b7ea0 (webtiles) character file.

Game seed: 16706631253805232071

4 kae the Changeling (level 1, 0/15 HPs)
             Began as a Demonspawn Shapeshifter on Apr 12, 2024.
             Slain by a ball python (1 damage)
             ... on level 1 of the Dungeon.
             The game lasted 00:00:17 (95 turns).

kae the Changeling (Demonspawn Shapeshifter)          Turns: 95, Time: 00:00:18

Health: 0/15       AC:  2    Str: 14    XL:     1   Next: 50%
Magic:  1/1        EV: 11    Int: 10    God:
Gold:   5          SH:  0    Dex: 12    Spells: 0/0 levels left

rFire   . .          .
                       - Unarmed
rCold   . . .        (no shield)
rNeg    . . .        a - +0 animal skin
rPois   .            (helmet currently unavailable)
rElec   .            (cloak currently unavailable)
rCorr   .            e - melded +0 pair of gloves {Stlth+}
SInv    .            (boots currently unavailable)
Will    .....        (no amulet)
Stlth   +            (no ring)
HPRegen 0.22/turn    (no ring)
MPRegen 0.07/turn

%: no passive effects
@: beast-form
A: beast (slay +1)
a: Begin Untransformation


You were on level 1 of the Dungeon.
You were a hulking beast.
You visited 1 branch of the dungeon, and saw 1 of its levels.

You collected 5 gold pieces.


   Skills:
 - Level 1.0 Fighting
 - Level 1.7 Dodging
 + Level 2.7 Unarmed Combat
 * Level 2.8 Shapeshifting


You couldn't memorise any spells.
You didn't know any spells.
Your spell library was empty.

Inventory:

Armour
 a - a +0 animal skin (worn)
 e - a +0 pair of gloves of stealth (melded)
   (You found it on level 1 of the Dungeon)
Talismans
 c - a beast talisman (active)
 d - a flux talisman
Potions
 b - a potion of lignification {!q}

Dungeon Overview and Level Annotations

Branches:
Dungeon (1/15) Zot: 5905

Altars:

##.## #...## .....## ##
......## #. .. .......#
.. #. ..†...#### #. #.
.....###.## #. ##.
#...###...###. #r##
##.###.....##.##hS#[##.
##'##.......##..........
.'.'.).......'.########.
##+##.......#### #
##.....## ##...## ##.##
###


You could see a quokka and a ball python.


Message History

There is an open door here.
You hit the rat.
You kill the rat!
The rat barely misses you. The rat completely misses you.
You hit the rat but do no damage. The rat misses you. x3
You hit the rat but do no damage. The rat bites you. x3
You are too injured to fight recklessly! 😮 HP[-5]
You take 5 damage, and now have 10/15 hp.
MASSIVE DAMAGE!! (PAUSE)
There is an open door here.
Unknown command.
You hit the rat.
You kill the rat! 😮 HP[+1]
You closely miss the rat. The rat completely misses you.
You hit the rat.
You kill the rat!
Unknown command.
You barely miss the rat. The rat bites you. 😮 HP[-2]
You take 2 damage, and now have 9/15 hp.
You closely miss the rat. You punch the rat.
You kill the rat!
Things that are here:
a rat corpse; a rat corpse; 😮 HP[+1]
You start resting. 😕 HP[+2]
You regained 2 hp, and now have 12/15 hp.
There is an open door here.
You begin untransforming.
You continue untransforming. x3
Your transformation has ended. 😕 HP[+1]
You start putting on your armour.
You continue putting on your +0 pair of gloves of stealth. x4
You finish putting on your +0 pair of gloves of stealth.
You feel stealthy. 😕 HP[+1]
You begin transforming.
You continue transforming. x3
You turn into a hulking beast.
Your +0 pair of gloves of stealth melds into your body.
You feel less stealthy. 😎 HP[+1]
Your hp is fully restored (15).
Things that are here:
a rat corpse; a rat corpse You open the door.
There is an open door here.
You open the door.
A bat comes into view.
A bat is nearby!
A bat is nearby!
There is an open door here.
The bat hits you but does no damage.
A bat is nearby!
The bat hits you but does no damage. The bat closely misses you.
A bat is nearby!
You hit the bat.
You kill the bat!
No target in view!
There is an open door here.
You open the door.
A kobold comes into view. It is wielding a +0 short sword.
The kobold shouts!
There is an open door here.
A kobold is nearby!
You hit the kobold.
You kill the kobold!
No target in view!
You now have 5 gold pieces.
You open the door.
There is an open door here.
A quokka comes into view.
A quokka is nearby!
A ball python comes into view.
The quokka barely misses you.
A quokka is nearby!
You miss the quokka. The quokka bites you. x2
You are too injured to fight recklessly! 😮 HP[-6]
You take 6 damage, and now have 9/15 hp.
MASSIVE DAMAGE!! (PAUSE)
You hit the quokka. The quokka closely misses you.
Unknown command.
You closely miss the quokka. The ball python bites you.
The ball python misses you. The quokka bites you.
* * * LOW HITPOINT WARNING * * *
😨 HP[-2]
You take 2 damage, and now have 7/15 hp.
Unknown command.
You barely miss the quokka. The ball python bites you.
* * * LOW HITPOINT WARNING * * *
The ball python barely misses you. The quokka bites you.
* * * LOW HITPOINT WARNING * * *
😱 HP[-6]
You take 6 damage, and now have 1/15 hp.
MASSIVE DAMAGE!! (PAUSE)
You hit the ball python. The ball python bites you.
You die...

Action                     || total
---------------------------++-------
  Melee: Unarmed           ||    15
         Punch             ||     1
 Armour: Animal skin       ||    13
  Dodge: Dodged            ||    12
         Form:             ||     1
         Beast             ||     1

Levels and vault maps discovered:
D:1:      elethiomel_arrival_diamonds, layout_loops_ring,
          hellmonk_ecumenical_altar_arch_garden, minmay_tripent

Notes
Turn   | Place    | Note
-------+----------+-------------------------------------------
     0 | D:1      | kae the Demonspawn Shapeshifter began the quest for the
                  | Orb.
     0 | D:1      | Reached XP level 1. HP: 15/15 MP: 1/1
     0 | D:1      | magus.rc [v1.11.3]
    94 | D:1      | HP: 1/15 [quokka (4)]
    95 | D:1      | Slain by a ball python

Vanquished Creatures
  A bat (D:1)
  A kobold (D:1)
  4 rats (D:1)
6 creatures vanquished.

Table legend:
 A = Non-vault XP
 B = Vault XP
 C = Vault XP percentage of total XP
 D = Non-vault monster count
 E = Vault monster count
 F = Vault count percentage of total count
                 A         B        C        D         E       F
            +---------+---------+-------+---------+---------+-------
      Total |       0 |       6 | 100.0 |       0 |       6 | 100.0
            +---------+---------+-------+---------+---------+-------
        D:1 |       0 |       6 | 100.0 |       0 |       6 | 100.0
            +---------+---------+-------+---------+---------+-------

Action                     || total
---------------------------++-------
  Melee: Unarmed           ||    15
         Punch             ||     1
 Armour: Animal skin       ||    13
  Dodge: Dodged            ||    12
         Form:             ||     1
         Beast             ||     1

Illustrated notes

Table legend:
 A = Kills in this place as a percentage of kills in the entire game.
 B = Kills by you in this place as a percentage of kills by you in the entire game.
 C = Kills by friends in this place as a percentage of kills by friends in the entire game.
 D = Other kills in this place as a percentage of other kills in the entire game.
 E = Experience gained in this place as a percentage of experience gained in the entire game.
 F = Experience gained in this place divided by the number of levels of this place that you have seen.
                   A       B       C       D       E      F
               +-------+-------+-------+-------+-------+----------------------
         Total | 100.0 | 100.0 |   N/A |   N/A | 100.0 |   6.0
       Dungeon | 100.0 | 100.0 |   N/A |   N/A | 100.0 |   6.0
               +-------+-------+-------+-------+-------+----------------------

Table legend: (Time is in decaauts)
 A = Elapsed time spent in this place.
 B = Non-inter-level travel time spent in this place.
 C = Inter-level travel time spent in this place.
 D = Time resting spent in this place.
 E = Time spent auto-exploring this place.
 F = Levels seen in this place.
 G = Mean time per level.
                   A        B        C        D        E       F      G
               +--------+--------+--------+--------+--------+-----+--------+
         Total |     93 |     93 |      0 |      9 |     33 |   1 |   93.0 |
       Dungeon |     93 |     93 |      0 |      9 |     33 |   1 |   93.0 |
               +--------+--------+--------+--------+--------+-----+--------+

Top non-repeatable levels by time:
     D:1: 93 daAuts
